 Dungeon Crawl Stone Soup version 0.18-a0-943-g2c08dd4 (webtiles) character file.

58 filipzpl the Ruffian (level 3, 0/28 HPs)
             Began as a Draconian Transmuter on Dec 28, 2015.
             Slain by a goblin
             ... wielding a +0 club
             ... led by Robin
              (1 damage)
             ... on level 2 of the Dungeon.
             The game lasted 00:05:18 (2181 turns).

filipzpl the Ruffian (Draconian Transmuter)         Turns: 2181, Time: 00:05:18

Health: 0/28       AC:  6    Str: 12    XL:     3   Next: 76%
Magic:  4/6        EV: 12    Int: 14    God:
Gold:   88         SH:  0    Dex: 11    Spells: 2 memorised, 2 levels left

rFire  . . .     SeeInvis .       - Unarmed
rCold  . . .     Gourm    .     (armour unavailable)
rNeg   . . .     Faith    .     (no shield)
rPois  .         Spirit   .     (helmet restricted)
rElec  .         Dismiss  .     h - +0 cloak
rCorr  .         Reflect  .     (no gloves)
SustAt .         Harm     .     (no boots)
MR     .....                    (no amulet)
Stlth  +.........               (no ring)
                                (no ring)

@: very slightly contaminated, starving, not resistant to hostile enchantments,
very unstealthy
A: unfitting armour, cold-blooded, AC +5
a: no special abilities


You were on level 2 of the Dungeon.
You were starving.

You visited 1 branch of the dungeon, and saw 3 of its levels.

You collected 88 gold pieces.

Inventory:

Missiles
 a - 22 arrows
Armour
 h - a +0 cloak (worn)
Jewellery
 j - an uncursed amulet of guardian spirit {unknown}
 k - an uncursed amulet of dismissal {unknown}
Scrolls
 e - 3 scrolls of teleportation
Potions
 f - a potion of cure mutation {unknown}
 g - a potion of heal wounds {unknown}
 i - a potion of lignification {unknown}
 l - a potion of ambrosia {unknown}
Books
 b - a book of Changes

   Spells                             Type                      Level
   a - Beastly Appendage              Transmutation                1
   b - Sticks to Snakes               Transmutation                2
   c - Spider Form                    Transmutation/Poison         3
   d - Ice Form                       Ice/Transmutation            4
   e - Blade Hands                    Transmutation                5
Comestibles
 c - 3 bread rations
 d - 2 slices of pizza


   Skills:
 - Level 1.1 Fighting
 - Level 1.7 Dodging
 - Level 4.6 Unarmed Combat
 - Level 2.0 Spellcasting
 * Level 2.1 Transmutations
 * Level 0.0 Poison Magic


You had 2 spell levels left.
You knew the following spells:

 Your Spells              Type           Power        Failure   Level  Hunger
a - Beastly Appendage     Trmt           #.....       12%         1    ##.....
b - Spider Form           Trmt/Pois      #.........   47%         3    ####...


Dungeon Overview and Level Annotations

Branches:
Dungeon (3/15)

Altars:

Annotations:
D:3 Robin


Innate Abilities, Weirdness & Mutations

Your plain brown scales are hard (AC +5).
Your body does not fit into most forms of armour.
You are cold-blooded and may be slowed by cold attacks.


Message History

The goblin hits you with a dagger.
* * * LOW HITPOINT WARNING * * *
The goblin completely misses you. The hobgoblin barely misses you.
The hobgoblin closely misses you.
You hit the goblin.
The goblin is almost dead.
The hobgoblin hits you but does no damage.
The goblin hits you with a dagger.
* * * LOW HITPOINT WARNING * * *
The goblin closely misses you. x2
You barely miss the goblin.
The goblin is almost dead.
The hobgoblin closely misses you.
You hit the goblin.
You kill the goblin!
The goblin hits you but does no damage.
The hobgoblin hits you but does no damage.
The goblin hits you but does no damage. The hobgoblin closely misses you.
The goblin hits you with a club.
You die...

##### ########## #....
#........# ####.###
#........#######....#
#........##......####
#...........######
#.........#####
#......g.....<#########
#.....@gg####..........
#.......g# ###########
#........# #[.......#
##########


You could see 2 hobgoblins and 2 goblins.

Vanquished Creatures
  An adder (D:2)
  An ooze (D:2)
  2 worms (D:2)
  A bat (D:2)
  8 hobgoblins
  8 kobolds
  5 giant cockroaches
  4 giant newts (D:2)
  4 goblins (D:2)
  7 rats
41 creatures vanquished.

Notes
Turn   | Place    | Note
--------------------------------------------------------------
     0 | D:1      | filipzpl the Draconian Transmuter began the quest for the Orb.
     0 | D:1      | Reached XP level 1. HP: 16/16 MP: 3/3
   279 | D:1      | Reached XP level 2. HP: 18/23 MP: 5/5
  1234 | D:2      | Reached skill level 4 in Unarmed Combat
  1506 | D:2      | Reached XP level 3. HP: 26/28 MP: 6/6
  1823 | D:2      | Learned a level 3 spell: Spider Form
  2163 | D:3      | Noticed Robin
  2178 | D:2      | HP: 1/28 [goblin/dagger[Robin] (1)]
  2181 | D:2      | Slain by a goblin

Vault maps used:
D:1:      dpeg_arrival_rhombus
D:2:      minmay_curled_crystal
D:3:      ashenzari_conservatory_becter, portal_sewer_entry_d, first_bread,
          uniq_robin

Action                   || total
-------------------------++-------
Melee: Unarmed           ||   152
 Cast: Beastly Appendage ||     4
  Use: Scroll            ||     4
  Eat: Chunk             ||     2
